 Dungeon Crawl Stone Soup version 0.29.1-15-g9cfb28693d (webtiles) character file.

Game seed: 11447690543073573866

298 Zayto the Trooper (level 6, -1/56 HPs)
             Began as a Draconian Wanderer on Feb 28, 2023.
             Was a Follower of Okawaru.
             Slain by Pikel
             ... wielding a +2 whip of freezing
              (11 damage)
             ... on level 4 of the Dungeon.
             The game lasted 00:17:32 (3467 turns).

Zayto the Trooper (Draconian Wanderer)              Turns: 3467, Time: 00:17:33

Health: -1/56      AC:  2    Str: 12    XL:     6   Next: 13%
Magic:  7/9        EV: 18    Int: 17    God:    Okawaru [*.....]
Gold:   74         SH:  0    Dex: 15    Spells: 4/9 levels left

rFire   x . .      SeeInvis +   (weapon currently unavailable)
rCold   + . .      Faith    +   (shield currently unavailable)
rNeg    . . .      Spirit   .   (body armour unavailable)
rPois   x          Reflect  .   (helmet currently unavailable)
rElec   .          Harm     .   (cloak currently unavailable)
rCorr   .          Rampage  .   (gloves currently unavailable)
Will    .....                   (boots currently unavailable)
Stlth   ++........              i - amulet of faith
HPRegen 0.18/turn               c - ring of ice
MPRegen 0.11/turn               l - ring of see invisible

@: spider-form (expiring), unable to read
A: venomous fangs, AC +6, tiny, unfitting armour, (cold-blooded), (talons 1),
inability to read after injury 1
a: End Transformation, Renounce Religion, Heroism


You were on level 4 of the Dungeon.
You worshipped Okawaru.
Okawaru was aware of your devotion.
You were a venomous arachnid creature.
You visited 1 branch of the dungeon, and saw 4 of its levels.

You collected 200 gold pieces.
You spent 126 gold pieces at shops.

Inventory:

Hand Weapons
 a - a +1 vorpal dagger
 g - a +0 dagger of venom (melded)
Missiles
 b - 3 curare-tipped darts (quivered)
 o - 4 poisoned darts
Jewellery
 c - a ring of ice (left front leg)
 i - an amulet of faith (around neck)
 l - a ring of see invisible (right front leg)
Wands
 m - a wand of iceblast (1)
Scrolls
 d - a scroll of noise
 h - a scroll of vulnerability
 j - a scroll of magic mapping
Potions
 f - a potion of flight
 k - a potion of brilliance
 n - a potion of resistance
 s - a potion of lignification {unknown}


   Skills:
 * Level 5.0 Fighting
 * Level 1.5 Short Blades
 * Level 3.2 Throwing
 * Level 1.1 Dodging
 * Level 2.5 Stealth
 + Level 0.2 Unarmed Combat
 * Level 2.0 Spellcasting
 * Level 0.4 Conjurations
 * Level 1.3 Transmutations
 * Level 2.2 Poison Magic
 * Level 1.1 Invocations
 * Level 0.9 Evocations


You had 4 spell levels left.
You knew the following spells:

 Your Spells              Type           Power      Damage    Failure   Level
a - Searing Ray           Conj           6%         2d4       47%         2
b - Spider Form           Tmut/Pois      7%         N/A       50%         3

Your spell library contained the following spells:

 Spells                   Type           Power      Damage    Failure   Level
 Sting                    Tmut/Pois      28%        1d4       24%         1
 Magic Dart               Conj           12%        1d3       36%         1
 Freeze                   Ice            8%         1d3       38%         1
 Dazzling Flash           Conj/Hex       4%         N/A       69%         3
 Frozen Ramparts          Ice            4%         1d1       71%         3
 Fulminant Prism          Conj/Hex       1%         3d6       96%         4
 Hailstorm                Conj/Ice       3%         3d3       96%         4
 Agony                    Necr           1%         N/A       100%        5
 Silence                  Hex/Air        0%         N/A       100%        5


Dungeon Overview and Level Annotations

Branches:
Dungeon (4/15)             Temple (0/1) D:4

Altars:
Okawaru

Shops:
D:2 *   D:3 (

Annotations:
D:4 Pikel


Innate Abilities, Weirdness & Mutations

You are a venomous arachnid creature.
You have poisonous fangs.
You are tiny and dextrous.
Your spellcasting is less reliable in this form.
Your armour is entirely melded.
You are incapable of wielding weapons or throwing items.
((Your plain brown scales are hard. (AC +6)))
You cannot fit into any form of body armour.
((You are cold-blooded and may be slowed by cold attacks.))
((You have sharp toenails.))
You occasionally lose the ability to read scrolls when taking damage.


Message History

You feel much better. The lemure completely misses you.
Casting: Spider Form (dangerous; 28% risk of failure)
Confirm with . or Enter, or press ? or * to list all spells.
You turn into a venomous arachnid creature.
Your +0 dagger of venom melds into your body.
Your +0 dagger of venom stops dripping with poison.
You hit Pikel but do no damage.
Pikel is poisoned.
Pikel says, "You'll make a fine lemure."
Pikel misses you. The lemure misses you.
You hit Pikel but do no damage.
Pikel looks even sicker.
Pikel is lightly wounded.
Pikel hits you with a +2 whip of freezing!
Pikel freezes you. The lemure completely misses you.
The lemure barely misses you.
You hit Pikel.
Pikel is lightly wounded.
Pikel misses you. The lemure closely misses you. The lemure misses you.
Unknown command.
You hit Pikel.
Pikel looks as sick as possible!
Pikel is lightly wounded.
Your transformation is almost over.
Pikel barely misses you. The lemure hits you. The lemure barely misses you.
Pikel attacks as you move away! Pikel barely misses you.
The lemure attacks as you move away! The lemure completely misses you.
The lemure attacks as you move away! The lemure hits you.
You kill the lemure!
That felt strangely unrewarding.
Pikel hits you with a +2 whip of freezing!
Pikel freezes you. The lemure hits you.
You see here a +1 cloak.
You barely miss Pikel.
Pikel is moderately wounded.
Pikel hits you with a +2 whip of freezing!
* * * LOW HITPOINT WARNING * * *
Pikel freezes you.
* * * LOW HITPOINT WARNING * * *
The lemure closely misses you.
Pikel hits you with a +2 whip of freezing!
You feel threatened and lose the ability to read scrolls!
You die...

#########.....##≈≈≈
#~.~~........~~#≈≈≈≈
!.~~≈~~.~~~.~~~~~≈≈≈
.~≈≈~≈~~~.~~~~~~~≈≈≈
≈≈~≈~~~~~~~~~~~≈~≈.
..~~~~~~~~~~†~~~~.~
~≈#..~.~.~...K.~~.
#......#####...?
#.5.s....... ...
#.[K.......$ .
#...........
#....##...#.
#...........
##.#.###.#.. ....#
...# ...... ..
......


You could see Pikel (very poisoned) and a lemure.

Vanquished Creatures
  A lemure (D:4)
  A scorpion (D:4)
  A jelly (D:3)
  Natasha (thrice) (D:3)
  Ijyb (D:3)
  3 gnolls (D:4)
  2 adders (D:4)
  A worm (D:2)
  3 dart slugs
  7 ball pythons
  6 endoplasms
  4 giant cockroaches
  3 goblins
  4 hobgoblins
  A jackal (D:4)
  2 quokkas
  5 bats
  4 frilled lizards
  6 kobolds
  3 rats
  A spectral kobold (D:1)
62 creatures vanquished.

Notes
Turn   | Place    | Note
-------+----------+-------------------------------------------
     0 | D:1      | Zayto the Draconian Wanderer began the quest for the Orb.
     0 | D:1      | Zayto set off with the following items: a +1 vorpal dagger,
                  | 3 curare-tipped darts, a potion of might; and the following
                  | spell memorised: Sting; and the following spells available
                  | to memorise: Spider Form.
     0 | D:1      | Reached XP level 1. HP: 22/22 MP: 2/2
   244 | D:1      | Reached XP level 2. HP: 26/28 MP: 0/3
   333 | D:2      | Found Usaim's General Store.
   343 | D:2      | Bought a scroll of identify for 22 gold pieces
   345 | D:2      | Gained mutation: You occasionally lose the ability to read
                  | scrolls when taking damage. [potion of mutation]
   345 | D:2      | Gained mutation: You have sharp toenails. [potion of
                  | mutation]
   702 | D:2      | Reached XP level 3. HP: 34/34 MP: 1/4
   709 | D:2      | Learned a level 3 spell: Spider Form
   803 | D:2      | Bought a scroll of identify for 22 gold pieces
   893 | D:3      | Noticed Natasha
   927 | D:3      | Killed Natasha
   928 | D:3      | Reached skill level 1 in Short Blades
  1250 | D:3      | Found an iron altar of Okawaru.
  1328 | D:3      | Noticed Natasha
  1330 | D:3      | Reached skill level 1 in Transmutations
  1330 | D:3      | Reached XP level 4. HP: 14/41 MP: 4/6
  1336 | D:3      | Killed Natasha
  1536 | D:3      | Became a worshipper of Warmaster Okawaru
  1640 | D:3      | Noticed Ijyb
  1650 | D:3      | Killed Ijyb
  1651 | D:3      | Reached XP level 5. HP: 34/47 MP: 0/7
  1701 | D:3      | Learned a level 2 spell: Searing Ray
  1720 | D:3      | Found Haez's Weapon Shoppe.
  1917 | D:3      | Noticed Natasha
  1921 | D:3      | Killed Natasha
  2563 | D:1      | Found a faded altar of an unknown god.
  3140 | D:2      | Bought a scroll of magic mapping for 82 gold pieces
  3223 | D:4      | Reached skill level 5 in Fighting
  3223 | D:4      | Reached skill level 1 in Dodging
  3242 | D:4      | Found a staircase to the Ecumenical Temple.
  3292 | D:4      | Reached skill level 1 in Invocations
  3292 | D:4      | Reached XP level 6. HP: 52/56 MP: 1/8
  3297 | D:4      | Reached * piety under Okawaru
  3380 | D:4      | Noticed Pikel
  3467 | D:4      | Slain by Pikel

Illustrated notes

Levels and vault maps discovered:
D:1:      ebering_hopf_link, layout_loops_corners,
          dreamdust_ecumenical_altar_drowned_temple, serial_glass,
          glass_columns_a, glass_columns_c, due_unseen_surprise,
          feat_on_display, feat_on_display, feat_on_display, minmay_tromino_i2
D:2:      layout_basic, serial_shops, nicolae_shop_hallway_stairs
D:3:      layout_loops_cross, okawaru_ov_weapons_minmay, serial_shops,
          nicolae_shop_bloodbath_and_beyond, minmay_misc_feat_tiny,
          minmay_pentomino_pile, uniq_natasha, uniq_ijyb
D:4:      layout_rooms, minmay_temple_entry_sparse_star, serial_rivers,
          chequers_serial_rivers_micro_d, chequers_serial_rivers_large_a,
          chequers_serial_rivers_small_b, chequers_serial_rivers_micro_c,
          chequers_serial_rivers_room_a, uniq_pikel, uniq_sigmund

Skill      XL: |  1  2  3  4  5  6 |
---------------+-------------------+-----
Throwing       | 3 |  3.2
Short Blades   | 1 |  1.5
Transmutations | 1 |  1.3
Stealth        | 2 |  2.5
Fighting       | 5 |  5.0
Dodging        | 1 |  1.1
Poison Magic   | 2 |  2.2
Invocations    | 1 |  1.1
Spellcasting   | 2 |  2.0
Unarmed Combat | |  0.2
Conjurations   | |  0.4
Evocations     | |  0.9

Action                   |  1- 3 |  4- 6 || total
-------------------------+-------+-------++-------
Melee: Dagger            |    58 |    24 ||    82
       Kick              |     9 |     9 ||    18
       Unarmed           |     4 |    25 ||    29
       Tailslap          |     2 |     2 ||     4
Throw: Dart              |     1 |     1 ||     2
 Cast: Sting             |    22 |     1 ||    23
       Spider Form       |     3 |    10 ||    13
       Searing Ray       |       |     2 ||     2
Evoke: Wand              |       |     4 ||     4
  Use: Scroll            |     5 |    10 ||    15
       Potion            |     3 |     3 ||     6
 Stab: Sleeping          |     1 |     1 ||     2
Armor: Skin              |    10 |    16 ||    26
Dodge: Dodged            |    58 |    80 ||   138
